Map: [TLMC19] Gold Dust

Players

Krystianer

  • Race: Protoss Protoss
  • Spawn Location: 5:00

ByuN - Winner!

  • Race: Terran Terran
  • Spawn Location: 9:00

VOD

Have the link to the VOD?

Description

Time

  • Played on: Dec. 23, 2023, 5:52 a.m.
  • Length: 11:29
Show
View Real Time Build Order
Export as new Build Order

Krystianer Protoss 

Build Orders: 1 Gate Expand, Blink Stalkers 

Get SALT Encoding   

  12  0:00  Probe  
  13  0:12  Probe  
  14  0:17  Pylon  
  14  0:24  Probe (Chrono Boost)  
  16  0:36  Gateway, Probe (Chrono Boost)  
  16  0:42  Probe (Chrono Boost)  
  16  0:45  Assimilator  
  17  0:51  Probe  
  18  1:03  Probe  
  19  1:15  Probe  
  20  1:23  Nexus  
  20  1:34  Cybernetics Core  
  20  1:38  Probe  
  21  1:43  Assimilator  
  21  1:50  Probe  
  21  1:53  Pylon  
  22  2:02  Probe  
  22  2:08  Adept (Chrono Boost)  
  23  2:10  Warp Gate  
  23  2:14  Probe  
  26  2:21  Twilight Council  
  26  2:26  Probe  
  27  2:31  Stalker  
  28  2:42  Probe x2  
  30  2:54  Probe (Chrono Boost)  
  30  2:59  Probe (Chrono Boost)  
  30  3:00  Blink  
  32  3:07  Probe (Chrono Boost)  
  33  3:13  Stalker  
  33  3:14  Probe (Chrono Boost)  
  33  3:16  Probe (Chrono Boost)  
  36  3:23  Probe  
  36  3:30  Shield Battery  
  37  3:35  Probe  
  37  3:37  Probe  
  37  3:38  Gateway  
  38  3:49  Probe x2 (Chrono Boost)  
  38  3:50  Robotics Facility  
  39  4:01  Gateway  
  39  4:02  Gateway  
  40  4:05  Probe x2 (Chrono Boost)  
  41  4:11  Probe x2  
  41  4:13  Stalker  
  42  4:23  Probe (Chrono Boost)  
  43  4:25  Probe (Chrono Boost)  
  41  4:34  Warp Prism (Chrono Boost)  
  41  4:35  Probe (Chrono Boost)  
  45  4:41  Probe (Chrono Boost)  
  45  4:43  Probe (Chrono Boost)  
  44  4:48  Probe (Chrono Boost)  
  43  4:53  Probe (Chrono Boost)  
  43  4:55  Stalker  
  43  4:57  Pylon  
  46  5:00  Probe (Chrono Boost)  
  46  5:02  Pylon  
  46  5:11  Pylon  
  46  5:18  Stalker x4  
  54  5:21  Probe  
  54  5:22  Probe  
  56  5:39  Probe  
  56  5:41  Stalker x4  
  65  5:45  Pylon  
  65  6:04  Stalker x4  
  65  6:05  Pylon  
  65  6:07  Probe  
  74  6:12  Probe  
  73  6:20  Nexus  
  73  6:23  Probe  
  73  6:24  Probe  
  75  6:38  Stalker x4  
  83  6:40  Probe  
  83  6:41  Probe  
  85  6:53  Probe x2  
  85  6:57  Charge  
  83  7:05  Probe x2  
  85  7:17  Probe x2  
  85  7:23  Pylon  
  85  7:24  Pylon  
  85  7:29  Gateway, Probe  
  86  7:30  Gateway  
  86  7:31  Probe  
  86  7:33  Gateway  
  86  7:34  Gateway  
  87  7:38  Robotics Bay  
  87  7:41  Probe  
  87  7:43  Zealot x2, Sentry, Probe  
  95  7:45  Probe  
  96  7:52  Assimilator  
  96  7:53  Probe  
  96  7:55  Probe  
  96  7:58  Probe  
  99  8:04  Zealot  
  99  8:05  Probe  
  102  8:07  Probe, Pylon  
  102  8:08  Zealot x3  
  102  8:10  Probe  
  110  8:17  Probe  
  110  8:18  Pylon  
  112  8:20  Probe  
  112  8:22  Probe  
  112  8:23  Colossus (Chrono Boost)  
  112  8:27  Assimilator, Extended Thermal Lance  
  119  8:29  Zealot x3  
  121  8:42  Pylon  
  121  8:45  Zealot x5  
  131  8:50  Zealot  
  131  8:53  Pylon  
  131  8:55  Pylon  
  133  9:06  Zealot x4  
  141  9:11  Pylon, Probe  
  141  9:13  Zealot x4, Probe  
  141  9:14  Probe  
  140  9:21  Colossus (Chrono Boost)  
  140  9:23  Probe  
  115  9:25  Probe  
  110  9:39  Zealot x8  
  120  9:54  Probe  
  117  10:01  Forge  
  117  10:04  Zealot x2, Colossus (Chrono Boost)  
  117  10:05  Zealot x6  
  131  10:11  Probe  
  112  10:22  Probe x2  
  112  10:25  Nexus  
  112  10:28  Zealot x5  
  124  10:32  Probe  
  124  10:34  Pylon  
  125  10:38  Zealot  
  125  10:39  Zealot x2  
  109  10:55  Zealot x5  
  92  11:04  Stalker x3  
  92  11:15  Probe  
  86  11:19  Zealot x5  
Show
View Real Time Build Order
Export as new Build Order

ByuN Terran - Winner!

Build Orders: Cyclone Opening 

Get SALT Encoding   

  12  0:00  SCV  
  13  0:12  SCV  
  14  0:17  Supply Depot  
  14  0:24  SCV  
  15  0:39  SCV  
  15  0:41  Barracks  
  16  0:43  Refinery  
  16  0:51  SCV  
  16  0:54  Refinery  
  17  1:03  SCV  
  18  1:15  SCV  
  19  1:28  Orbital Command  
  19  1:29  Reaper  
  19  1:30  Supply Depot  
  20  1:43  Factory  
  21  1:54  SCV  
  21  2:01  Barracks Reactor  
  21  2:06  SCV  
  22  2:18  SCV  
  23  2:22  Command Center  
  23  2:33  SCV, Starport  
  24  2:40  Cyclone  
  26  2:45  SCV  
  26  2:49  Supply Depot  
  27  2:56  Marine  
  27  2:57  Marine  
  27  2:58  SCV  
  30  3:10  SCV, Medivac  
  33  3:14  Factory Tech Lab  
  33  3:16  Marine x2  
  35  3:22  SCV  
  36  3:32  Siege Tank  
  36  3:34  Marine x2  
  39  3:36  Orbital Command  
  39  3:38  SCV  
  42  3:50  SCV  
  42  3:51  Marine  
  42  3:52  Marine  
  42  3:53  Supply Depot  
  45  3:58  Liberator  
  45  4:02  SCV  
  49  4:04  SCV  
  49  4:09  Marine x2  
  51  4:14  SCV  
  51  4:16  SCV  
  54  4:26  SCV  
  54  4:27  Marine  
  54  4:28  SCV  
  57  4:32  Supply Depot  
  57  4:36  Siege Tank  
  59  4:39  SCV  
  59  4:40  SCV  
  61  4:51  SCV  
  61  4:52  SCV  
  59  4:53  Marine x2  
  59  4:55  Bunker  
  59  4:58  Supply Depot  
  61  5:03  SCV  
  61  5:04  SCV, Barracks  
  61  5:06  Refinery  
  63  5:08  Siege Tank  
  63  5:10  Starport Reactor  
  66  5:15  Supply Depot, SCV  
  66  5:16  SCV  
  66  5:19  Marine x2  
  70  5:25  Engineering Bay  
  70  5:33  Supply Depot  
  67  5:37  Marine x2  
  67  5:38  SCV x2  
  67  5:41  Siege Tank  
  74  5:50  SCV x2  
  74  5:54  Barracks Tech Lab  
  74  5:55  Marine x2  
  74  5:56  Barracks  
  77  5:59  Terran Infantry Weapons Level 1  
  77  6:02  SCV  
  77  6:03  SCV, Refinery  
  79  6:06  Medivac x2  
  83  6:15  SCV x2  
  85  6:22  Command Center  
  85  6:25  Marine x2, Marauder  
  88  6:32  Siege Tank  
  92  6:33  Missile Turret  
  92  6:39  Medivac  
  94  6:42  SCV x2  
  91  6:50  Marine x2  
  85  6:54  SCV x2  
  85  6:56  Marine, Marauder  
  89  7:06  SCV x2  
  89  7:07  Marine  
  89  7:10  Marine, Refinery  
  89  7:11  Refinery  
  89  7:13  Siege Tank  
  93  7:17  Barracks Tech Lab  
  93  7:18  Barracks Tech Lab, SCV  
  94  7:24  Barracks  
  94  7:26  Supply Depot, Barracks  
  94  7:29  Supply Depot  
  94  7:33  SCV x2, Medivac x2  
  94  7:36  Orbital Command  
  99  7:43  Stimpack  
  97  7:44  Marine  
  97  7:45  Combat Shield, SCV x2  
  97  7:46  Marine x3  
  103  7:58  SCV x2  
  104  8:02  Marine  
  104  8:03  Marine  
  104  8:04  Marauder x2  
  109  8:08  Terran Infantry Armor Level 1  
  109  8:10  SCV x2  
  109  8:11  Orbital Command, Factory Reactor  
  111  8:14  Missile Turret, Barracks Reactor  
  111  8:21  Medivac  
  111  8:22  SCV x2  
  115  8:28  Missile Turret  
  115  8:29  Missile Turret  
  115  8:30  Barracks Tech Lab  
  116  8:34  SCV x2  
  116  8:35  Marine  
  116  8:36  Marauder x2  
  116  8:40  Medivac  
  123  8:45  SCV  
  123  8:46  SCV x2  
  126  8:53  Armory  
  126  8:59  Supply Depot x2  
  126  9:00  Supply Depot, SCV  
  127  9:04  SCV  
  127  9:05  SCV  
  129  9:10  Marauder  
  129  9:11  Marauder  
  129  9:14  Marauder  
  129  9:16  Marine x3  
  131  9:18  SCV x2  
  131  9:20  SCV  
  124  9:25  Marine  
  124  9:30  SCV  
  124  9:31  Widow Mine  
  128  9:32  Marauder x2  
  128  9:36  Marauder  
  133  9:39  Marine x2  
  133  9:42  Refinery  
  133  9:43  Refinery  
  135  9:49  Concussive Shells  
  126  9:53  Marauder  
  126  9:55  Marine x2, Marauder  
  126  9:57  Widow Mine x2  
  126  9:58  Marauder  
  134  10:05  Marine x2  
  131  10:18  Marauder  
  131  10:19  Widow Mine x2  
  131  10:20  Marine x2, Marauder x2  
  136  10:24  Command Center  
  136  10:27  Viking x2  
  140  10:31  Engineering Bay  
  140  10:32  Armory  
  140  10:36  Command Center  
  140  10:38  Marine  
  141  10:43  Marine  
  141  10:46  Widow Mine  
  141  10:47  Widow Mine  
  141  10:50  Marauder x2  
  141  10:51  Marine x2  
  135  11:03  Marauder  
  135  11:04  Marine x2  
  125  11:07  Widow Mine  
Tags
 
Add a new tag
Caveats
  • Supply blocks, unpowered buildings, or Contaminate may cause inaccurate times.
  • Supply counts are checked every 10 seconds.